Description

Pretty straightforward mech build with many details that can improve your play.

Notes

Hitting a crisp hellbat-cyclone timing is key as that's your first real pressure. I tend to use a non cloak banshee with it as a bit of bonus damage and of course to keep me safe against rushes. However if you prefer 2 banshees and cloak, or a liberator, or even a raven, any of those can work also.

Scan their hive timing and make sure you have 4-8 vikings ready when vipers are out and that you spread your tanks way more at this stage onwards.

Recycle medivacs from thor drops to elevate hellions/hellbats into the main base. Counter-attack the far out expansions with hellions and the occasional liberator also.

Key order: 1. Banshee 2. 2 Cyclones 3. +1 weapons 4. 2nd + 3rd factory (swap onto the barracks and starport tech labs) 5. rax and starport swap off and build reactors 6. 2 thors and 2 medivacs 7. 2nd armoury and 4th factory (on rax reactor) 8. 3-4 more factories with tech labs

VOD

https://www.youtube.com/watch?v=pNFgwmZgI5Q

Replay - PiGs Mech TvZ

Build Order

Get SALT Encoding   

  12  0:01  SCV  
  13  0:13  SCV  
  14  0:17  Supply Depot  
  14  0:25  SCV  
  15  0:39  SCV  
  15  0:41  Barracks  
  16  0:45  Refinery  
  16  0:51  SCV  
  17  1:03  SCV  
  18  1:15  SCV  
  19  1:29  Orbital Command, Reaper  
  20  1:40  Command Center  
  20  1:49  Supply Depot  
  20  1:56  SCV  
  20  2:00  Marine  
  22  2:04  Factory  
  22  2:08  SCV  
  23  2:11  Refinery  
  23  2:20  SCV  
  23  2:22  Barracks Reactor  
  26  2:51  Starport  
  26  2:55  Orbital Command  
  26  3:03  Hellion x2  
  26  3:05  Barracks Tech Lab  
  31  3:25  Hellion x2  
  37  3:34  Supply Depot  
  37  3:36  Viking  
  41  3:49  Supply Depot  
  41  3:53  Hellion x2  
  48  4:06  Banshee  
  52  4:15  Command Center  
  55  4:31  Cyclone x2  
  55  4:32  Armory  
  61  4:40  Refinery x2  
  61  4:44  Supply Depot  
  62  4:47  Barracks Tech Lab  
  64  5:13  Hellion x2  
  68  5:22  Factory x2  
  68  5:26  Starport Reactor  
  68  5:27  Orbital Command  
  68  5:28  Barracks Reactor  
  71  6:01  Terran Vehicle Weapons Level 1  
  71  6:02  Hellion x2  
  66  6:07  Factory  
  65  6:13  Orbital Command  
  60  6:18  Thor x2  
  73  6:27  Medivac x2, Refinery x2  
  78  6:38  Armory  
  90  7:01  Siege Tank  
  94  7:12  Siege Tank  
  102  7:22  Viking  
  106  7:26  Terran Vehicle And Ship Armor Level 1  
  107  7:32  Factory x3  
  108  7:37  Siege Tank  
  116  7:51  Siege Tank  
  118  8:01  Viking  
  124  8:09  Siege Tank  
  129  8:23  Siege Tank  
  136  8:38  Factory Tech Lab x3  
  140  8:41  Siege Tank  
  140  8:42  Command Center  
  143  8:55  Siege Tank  
  146  9:13  Thor  
  146  9:15  Engineering Bay  
  153  9:19  Terran Vehicle Weapons Level 2  
  153  9:21  Terran Vehicle And Ship Armor Level 2  
  153  9:22  Siege Tank x2  
  166  9:34  Refinery x2  
  166  9:44  Viking x2  
Spawning Tool Build Advisor. Get it on Overwolf

Go to:

Details

  • Created by: PiG      
  • Published on: Apr 29, 2018
  • Patch: 4.0.0
Show
View Real Time Build Order
Export as new Build Order

Comments (0)

There are no comments. Be the first!

Create an account to comment!